AoeStats
← ogipochi_

Black Forest

506403453Analyzed
3v3 RM · 20d ago on Sep 13, 2026· 41m 17s· 6 players
Game mode
Random Map
Map size
Normal (6 player)
Population
200
Speed
Normal
Resources
Standard
Victory
Conquest
Starting age
Dark Age
Ending age
Imperial Age
RankedLock teamsTeams togetherTeam positionsShared explorationLock speedFull tech treeHidden civsTurbo modeCheats
Victory
Defeat
🇮🇩 Muisca · Indonesia
746
+17
🇯🇵 Khitans · Japan
724
+18
🇩🇰 Italians · Denmark
696
+18
🇷🇴 Slavs · Romania
778
-18
🇷🇴 Romans · Romania
766
-18
🇨🇳 Khmer · China
740
-17
Robert08__10
15:03 Feudal Age
21:02 Castle Age
19:08 Man-at-Arms
23:15 Wheelbarrow
22:25 Town Watch
27:41 Pikeman
28:22 Squires
40:31 Imperial Age
37:47 Loom
38:18 Hand Cart
38:04 Town Patrol
38:09 Caravan
38:24 Forging
38:19 Scale Barding Armor
38:39 Light Cavalry
40:30 Bloodlines
40:20 Husbandry
LKN danseur🕺
5:38 Loom
12:29 Feudal Age
16:14 Castle Age
17:45 Horse Collar
17:55 Double-Bit Axe
19:52 Heavy Plow
21:23 Bow Saw
21:57 Fletching
24:24 Guard Tower
25:34 Ballistics
26:31 Masonry
28:35 Wheelbarrow
29:26 Gold Mining
29:27 Stone Mining
30:05 Bodkin Arrow
31:52 Gold Shaft Mining
35:18 Stone Shaft Mining
37:36 Husbandry
37:47 Bloodlines
37:01 Light Cavalry
40:02 Forging
39:57 Scale Barding Armor
Sonny22Black
12:07 Feudal Age
15:02 Horse Collar
21:26 Castle Age
21:05 Wheelbarrow
20:16 Town Watch
20:25 Double-Bit Axe
20:52 Stone Mining
24:00 Gold Mining
27:48 Squires
28:34 Hand Cart
28:20 Town Patrol
28:31 Scale Mail Armor
28:52 Heavy Plow
30:22 Gold Shaft Mining
35:24 Caravan
36:10 Man-at-Arms
40:28 Imperial Age
38:16 Long Swordsman
ogipochi_
0:45 Loom
12:40 Feudal Age
13:20 Stone Mining
13:16 Double-Bit Axe
13:18 Domestication
15:57 Wheelbarrow
15:07 Town Watch
14:55 Man-at-Arms
16:10 Forging
16:34 Arson
17:03 Scale Mail Armor
21:51 Castle Age
22:37 Squires
22:57 Long Swordsman
25:22 Gold Mining
26:12 Bow Saw
25:58 Gambesons
29:35 Iron Casting
29:48 Chain Mail Armor
30:24 Pastoralism
31:45 Hand Cart
31:16 Town Watch
34:02 Town Patrol
36:54 Imperial Age
34:39 Pikeman
36:02 Lamellar Armor
37:22 Stone Shaft Mining
37:03 Elite Liao Dao
38:05 Conscription
37:12 Two-Handed Swordsman
38:25 Plate Mail Armor
37:32 Capped Ram
39:04 Champion
BlueGuardian
9:55 Loom
11:42 Feudal Age
12:34 Double-Bit Axe
12:31 Horse Collar
12:44 Fishing Lines
20:01 Castle Age
18:47 Stone Mining
18:49 Gold Mining
19:46 Wheelbarrow
21:50 Bow Saw
21:45 Heavy Plow
22:09 Gillnets
25:08 Gold Shaft Mining
28:39 Imperial Age
26:48 Hand Cart
28:13 Forging
28:05 Scale Mail Armor
28:40 Ballistics
29:26 Onager
31:40 Siege Engineers
33:46 Chain Mail Armor
34:07 Iron Casting
35:49 Elite Temple Guard
38:57 Plate Mail Armor
41:05 Siege Onager
PtrCrypto
0:37 Loom
11:19 Feudal Age
12:37 Wheelbarrow
12:00 Double-Bit Axe
12:15 Gold Mining
15:02 Horse Collar
24:30 Castle Age
23:34 Stone Mining
26:03 Stone Shaft Mining
25:48 Hand Cart
25:35 Fletching
25:46 Padded Archer Armor
26:25 Heavy Plow
26:39 Bow Saw
26:07 Crossbowman
30:09 Bodkin Arrow
33:05 Leather Archer Armor
39:10 Imperial Age
37:45 Thumb Ring
40:35 Elite Genoese Crossbowman
41:38 Conscription
41:08 Arbalester
Connection lost

Rejoining the realm…

Still unreachable

The connection could not be restored.

Session expired

The server has moved on; the page needs a fresh start.